 Dungeon Crawl Stone Soup version 0.22-a0-40-g3d2f077 (webtiles) character file.

32 4thArraOfDagon the Insei (level 3, 0/22 HPs)
             Began as a Tengu Warper on Jan 4, 2018.
             Slain by an orc
             ... wielding a +0 short sword
              (4 damage)
             ... on level 4 of the Dungeon.
             The game lasted 00:02:53 (512 turns).

4thArraOfDagon the Insei (Tengu Warper)              Turns: 512, Time: 00:02:54

Health: 0/22       AC:  3    Str: 11    XL:     3   Next: 27%
Magic:  7/7        EV: 12    Int: 14    God:
Gold:   82         SH:  0    Dex: 13    Spells: 6/6 levels left

rFire    . . .     SeeInvis .     - Unarmed
rCold    . . .     Gourm    .   (no shield)
rNeg     . . .     Faith    .   a - +0 leather armour
rPois    .         Spirit   .   (helmet restricted)
rElec    .         Reflect  .   (no cloak)
rCorr    .         Harm     .   (no gloves)
MR       .....                  (boots unavailable)
Stlth    +.........             (no amulet)
HPRegen  0.07/turn              (no ring)
MPRegen  0.10/turn              (no ring)

@: hasted, very quick
A: beak, talons 3
a: no special abilities


You were on level 4 of the Dungeon.
You were not hungry.

You visited 1 branch of the dungeon, and saw 5 of its levels.

You collected 82 gold pieces.

Inventory:

Missiles
 d - 4 tomahawks of dispersal (quivered)
Armour
 a - a +0 leather armour (worn)
Scrolls
 c - a scroll of blinking
 g - a scroll of identify {unknown}
Books
 b - a book of Spatial Translocations

   Spells                             Type                      Level
   a - Blink                          Translocation                2
   b - Shroud of Golubria             Charms/Translocation         2
   c - Lesser Beckoning               Translocation                3
   d - Gell's Gravitas                Translocation                3
   e - Teleport Other                 Translocation                3
   f - Passage of Golubria            Translocation                4
Comestibles
 f - 2 rations


   Skills:
 + Level 2.4 Fighting
 - Level 1.0 Throwing
 - Level 1.1 Armour
 + Level 2.7 Dodging
 * Level 3.2 Unarmed Combat
 - Level 2.0 Spellcasting
   Level 2.4 Translocations


You had 6 spell levels left.
You didn't know any spells.

Dungeon Overview and Level Annotations

Branches:
Dungeon (5/15)
 Temple: D:4-7

Altars:
Hepliaklqana


Innate Abilities, Weirdness & Mutations

You have a beak for a mouth.
You have claws for feet.


Message History

You see here a tomahawk.
The bat hits you but does no damage. The bat misses you.
The bat hits you but does no damage. The bat hits you.
The bat hits you but does no damage. The bat barely misses you.
The bat hits you but does no damage. The bat hits you.
The bat barely misses you. The bat hits you. The bat misses you. x2
There is a stone staircase leading down here.
The bat closely misses you. The bat barely misses you. x2
The bat hits you but does no damage.
You climb downwards.
The gnoll closely misses you. The orc barely misses you.
The gnoll hits you with a whip.
There is a stone staircase leading up here.
Unknown command.
Unknown command.
The bat closely misses you.
The gnoll hits you with a whip of electrocution.
* * * LOW HITPOINT WARNING * * *
The orc hits you with a short sword.
You die...

..#....
#########..#....... ..#
#.......##....._... ...
#........# #....... ...
#....g...#.#.%.... ...
#....gbo.#.# .... ..#
#.....@.##(####.####..#
#......g##.............
#.....o............>...
#.................$....
#................##...#
#................##...#
#.................#....
#.................#....
#.......##.......##....


You could see 3 gnolls, 2 orcs and a bat.

Vanquished Creatures
  A ball python (D:1)
  A giant cockroach (D:1)
  6 goblins
  5 hobgoblins
  4 jackals
  A quokka (D:5)
  A frilled lizard (D:1)
  5 kobolds
  5 rats
29 creatures vanquished.

Notes
Turn   | Place    | Note
-------+----------+-------------------------------------------
     0 | D:1      | 4thArraOfDagon the Tengu Warper began the quest for the Orb.
     0 | D:1      | Reached XP level 1. HP: 12/12 MP: 4/4
     1 | D:1      | Noticed an electric eel
    61 | D:1      | Reached XP level 2. HP: 16/17 MP: 6/6
   181 | D:1      | Reached skill level 3 in Unarmed Combat
   232 | D:2      | Reached XP level 3. HP: 10/22 MP: 7/7
   386 | D:5      | Entered Level 5 of the Dungeon
   455 | D:4      | Found a hazy altar of Hepliaklqana.
   512 | D:4      | Slain by an orc

Vault maps used:
D:1:      arrival_aquarium_a, st_stairs_13, hangedman_decor_points
D:2:      old_standard_altar
D:3:      cheibrodos_old_hovel, chequers_ecumenical_altar_island, uniq_grinder
D:4:      old_standard_altar
D:5:      first_ration, basic_altar, minmay_misc_feat_nine_boxes, uniq_duvessa

Skill      XL: |  1  2 |
---------------+-------+-----
Unarmed Combat | 3 |  3.2
Fighting       | |  2.4
Throwing       | |  1.0
Armour         | |  1.1
Dodging        | |  2.7
Spellcasting   | |  2.0
Translocations | |  2.4

Action                   || total
-------------------------++-------
Melee: Unarmed           ||    83
       Kick              ||    14
       Peck              ||     9
Throw: Tomahawk          ||     1
  Use: Potion            ||     2
       Scroll            ||     1
Armor: Leather armour    ||    29
Dodge: Dodged            ||    76

Table legend:
 A = Spawn XP
 B = Non-spawn XP
 C = Spawn XP percentage of total XP
 D = Spawn monster count
 E = Non-spawn monster count
 F = Spawn count percentage of total count
 G = Total turns spent on level
                    A         B        C        D         E        F      G
               +---------+---------+-------+---------+---------+-------+---------
         Total |       0 |      47 |   0.0 |       0 |      29 |   0.0 |   512
               +---------+---------+-------+---------+---------+-------+---------
           D:1 |       0 |      28 |   0.0 |       0 |      18 |   0.0 |   192
           D:2 |       0 |      13 |   0.0 |       0 |       8 |   0.0 |   113
           D:5 |       0 |       6 |   0.0 |       0 |       3 |   0.0 |    66
               +---------+---------+-------+---------+---------+-------+---------
